 Dungeon Crawl Stone Soup version 0.30.1-3-gfc49f6343a (webtiles) character file.

Game seed: 3197310546615125947

1077 Mickster the Chopper (level 8, -2/65 (68) HPs)
             Began as a Hill Orc Berserker on Aug 6, 2023.
             Was a Believer of Trog.
             Slain by a wight
             ... wielding a +4 great sword of freezing
              (4 damage)
             ... on level 6 of the Dungeon on Aug 7, 2023.
             The game lasted 00:55:47 (4330 turns).

Mickster the Chopper (Hill Orc Berserker)           Turns: 4330, Time: 00:55:51

HP:   -2/65 (68)    AC: 19    Str: 22    XL:     8   Next: 29%
MP:   8/8           EV:  7    Int:  7    God:    Trog [**....]
Gold: 247           SH: 10    Dex: 18    Spells: 7/7 levels left

rFire   . . .        G - +3 falchion of Capital Punishment {speed, rElec Dex+2}
rCold   . . .        q - +0 buckler
rNeg    . . .        z - +0 plate armour
rPois   .            (no helmet)
rElec   +            F - +1 cloak
rCorr   .            (no gloves)
SInv    .            w - +0 pair of boots
Will    .....        n - amulet of reflection
Stlth   x              - +6 ring of dexterity
HPRegen 0.30/turn    s - ring "Akeps" {AC+4 Slay+2}
MPRegen 0.11/turn

%: reflection
@: on berserk cooldown, slowed, lightly drained, very slow
A: no striking features
a: Renounce Religion, Berserk, Trog's Hand


You were on level 6 of the Dungeon.
You worshipped Trog.
Trog was pleased with you.
You visited 1 branch of the dungeon, and saw 6 of its levels.

You collected 247 gold pieces.

Inventory:

Hand Weapons
 a - a +2 hand axe
 d - a +1 dagger of speed
 i - a +2 mace of protection
 t - a +1 dagger of holy wrath
 u - a +0 rapier
 C - a +0 short sword of draining
 G - the +3 falchion of Capital Punishment (weapon) {speed, rElec Dex+2}
   (You found it on level 5 of the Dungeon)

   Dex:       It affects your dexterity (+2).
   rElec:     It insulates you from electricity.
Missiles
 f - 9 stones
 m - 9 boomerangs
 o - 9 poisoned darts (quivered)
 B - a throwing net
 D - 3 curare-tipped darts
Armour
 q - a +0 buckler (worn)
 w - a +0 pair of boots (worn)
 z - a +0 plate armour (worn)
 F - a +1 cloak (worn)
 J - a scarf of harm
Jewellery
 n - an amulet of reflection (around neck)
 s - the ring "Akeps" (right hand) {AC+4 Slay+2}
   (You found it on level 4 of the Dungeon)

   [ring of protection]

   AC:        It affects your AC (+4).
   Slay:      It affects your accuracy & damage with ranged weapons and melee
   (+2).
 x - a +6 ring of dexterity (left hand)
 y - a ring of flight
Wands
 A - a wand of polymorph (5)
Scrolls
 h - a scroll of fog
 l - 4 scrolls of teleportation
 v - a scroll of identify
 K - a scroll of fear {unknown}
Potions
 b - a potion of cancellation {unknown}
 c - 2 potions of invisibility
 e - 2 potions of curing {unknown}
 g - 2 potions of mutation {unknown}
 j - a potion of berserk rage {unknown}
 k - a potion of might
 p - a potion of heal wounds {unknown}
 r - 3 potions of lignification
 E - a potion of haste {unknown}
 H - a potion of flight {unknown}
 I - a potion of attraction {unknown}


   Skills:
 + Level 5.1 Fighting
 * Level 4.0 Long Blades
 - Level 7.0 Axes
 + Level 0.1 Throwing
 + Level 5.2 Armour
 + Level 2.7 Dodging
 + Level 1.1 Stealth
 + Level 4.0 Shields


You had 7 spell levels left.
You didn't know any spells.
Your spell library was empty.

Dungeon Overview and Level Annotations

Branches:
Dungeon (6/15)             Temple (0/1) D:4

Altars:
Uskayaw


Message History

You destroy the wight!
Trog accepts your kill.
The wight hits you but does no damage. x2
Your life force feels restored.
Your Fighting skill increases to level 5!
Your Long Blades skill increases to level 3!
You slash the wight!
You destroy the wight!
Trog accepts your kill. You block the wight's attack.
Things that are here:
a +0 morningstar; a +0 robe You closely miss the wight.
You block the wight's attack.
The wight hits you with a +3 great sword!!
You barely miss the wight. You slash the wight!
The wight is severely damaged.
You block the wight's attack.
The wight hits you with a +3 long sword of freezing.
You feel drained. The wight freezes you.
You slash the wight!
You destroy the wight!
Trog accepts your kill.
Your life force feels restored.
You slash the wight!
You destroy the wight!
Trog accepts your kill.
You are no longer berserk.
You are exhausted.
You feel yourself slow down.
Your Long Blades skill increases to level 4!
Your Shields skill increases to level 4!
You hit the wight but do no damage.
Your skin stops crawling.
You feel less strong-willed.
The wight hits you with a +4 great sword of freezing!!
* * * LOW HITPOINT WARNING * * *
You feel drained.
* * * LOW HITPOINT WARNING * * *
The wight freezes you.
You die...

#.#####.#
##.##.......#
............#
##.###...#..# #
.....#......#.#
#.##......#...##
................
#####..#.########
......))@zz.....
....#.#.)#####...
#.....#..#
...####..# ..
...# ###.# #..
###


You could see 2 wights.

Vanquished Creatures
  Sigmund (D:3)
  6 wights (D:6)
  A howler monkey (D:5)
  A jelly (D:6)
  4 hounds
  An orc priest (D:4)
  A sleepcap (D:5)
  Jessica (D:3)
  2 iguanas (D:5)
  Natasha (twice) (D:3)
  2 orc wizards (D:4)
  Robin (D:4)
  6 adders
  3 dart slugs
  19 orcs
  7 ball pythons
  4 endoplasms
  A giant cockroach (D:4)
  15 goblins
  10 hobgoblins
  4 jackals (D:1)
  10 kobolds
  2 quokkas
  4 bats
  2 frilled lizards (D:1)
  3 rats
113 creatures vanquished.

Notes
Turn   | Place    | Note
-------+----------+-------------------------------------------
     0 | D:1      | Mickster the Hill Orc Berserker began the quest for the
                  | Orb.
     0 | D:1      | Reached XP level 1. HP: 19/19 MP: 1/1
   161 | D:1      | Reached XP level 2. HP: 22/27 MP: 2/2
   661 | D:1      | Reached XP level 3. HP: 33/33 MP: 3/3
   768 | D:1      | Reached ** piety under Trog
  1200 | D:2      | Reached skill level 5 in Axes
  1317 | D:2      | Found a faded altar of an unknown god.
  1898 | D:3      | Reached XP level 4. HP: 30/40 MP: 4/4
  2320 | D:3      | Noticed Jessica
  2328 | D:3      | Killed Jessica
  2405 | D:3      | Noticed Natasha
  2413 | D:3      | Killed Natasha
  2414 | D:3      | Reached XP level 5. HP: 46/46 MP: 5/5
  2480 | D:3      | Reached skill level 1 in Shields
  2605 | D:3      | Noticed Natasha
  2613 | D:3      | Killed Natasha
  2726 | D:3      | Found a hide-covered altar of Uskayaw.
  2732 | D:3      | Noticed Sigmund
  2741 | D:3      | Killed Sigmund
  2742 | D:3      | Reached skill level 6 in Axes
  2742 | D:3      | Reached XP level 6. HP: 53/53 MP: 6/6
  2894 | D:4      | Reached skill level 1 in Stealth
  2962 | D:4      | Identified the ring "Akeps" {AC+4 Slay+2}
  2987 | D:4      | Reached XP level 7. HP: 57/60 MP: 7/7
  3134 | D:4      | Noticed Robin
  3148 | D:4      | Killed Robin
  3259 | D:4      | Found a staircase to the Ecumenical Temple.
  3429 | D:5      | Entered Level 5 of the Dungeon
  3548 | D:5      | Reached skill level 7 in Axes
  3679 | D:5      | Identified the +3 falchion of Capital Punishment {speed,
                  | rElec Dex+2}
  3747 | D:5      | Reached skill level 1 in Long Blades
  4313 | D:6      | Reached skill level 5 in Armour
  4316 | D:6      | Reached XP level 8. HP: 55/67 MP: 8/8
  4323 | D:6      | Reached skill level 5 in Fighting
  4330 | D:6      | HP: 2/65 [wight/+4 great sword of freezing (4)]
  4330 | D:6      | Slain by a wight

Illustrated notes

Levels and vault maps discovered:
D:1:      minmay_arrival_doors, layout_loops_ring, minmay_hexomino_u4
D:2:      layout_loops_corners, chequers_ecumenical_altar_simple_redux
D:3:      layout_basic, lemuel_zombie_altar_yredelemnul,
          mainiacjoe_overflow_tiny_flanked, st_stairs_13, minmay_box_of_dots,
          uniq_jessica, uniq_natasha, uniq_sigmund
D:4:      layout_cave_pools, minmay_temple_entry_overgrown, uniq_robin
D:5:      layout_gridville
D:6:      cheibrodos_steamvent, layout_basic, zin_purify

Skill      XL: |  1  2  3  4  5  6  7  8 |
---------------+-------------------------+-----
Dodging        | 2 |  2.7
Fighting       | 4 5 |  5.1
Axes           | 5 6 7 |  7.0
Armour         | 3 4 5 |  5.2
Shields        | 2 3 4 |  4.0
Stealth        | 1 |  1.1
Long Blades    | 2 4 |  4.0
Throwing       | |  0.1

Action                     |  1- 3 |  4- 6 |  7- 9 || total
---------------------------+-------+-------+-------++-------
  Melee: Hand axe          |   131 |    98 |    65 ||   294
         Falchion          |       |       |    43 ||    43
  Throw: Dart              |       |       |     3 ||     3
         Stone             |       |       |     3 ||     3
         Boomerang         |       |       |     2 ||     2
 Invoke: Berserk           |     2 |     7 |     2 ||    11
         Trog's Hand       |       |     3 |     2 ||     5
    Use: Scroll            |     7 |     1 |     2 ||    10
 Armour: Animal skin       |    19 |       |       ||    19
         Ring mail         |    30 |       |       ||    30
         Scale mail        |     6 |    21 |       ||    27
         Plate armour      |       |    45 |    45 ||    90
  Dodge: Dodged            |    74 |    31 |    20 ||   125
  Block: Buckler           |    10 |    62 |    49 ||   121
         Other             |     7 |       |       ||     7
         Reflection        |     1 |     4 |       ||     5
